 Dungeon Crawl Stone Soup version 0.30.0-12-gd5a94ecb5d (webtiles) character file.

Game seed: 7696834690343964225

411 Leibowitz the Cutter (level 7, -2/61 HPs)
             Began as a Kobold Gladiator on May 17, 2023.
             Was an Initiate of Okawaru.
             Slain by an orc wizard
             ... wielding a +1 dagger of venom
              (3 damage)
             ... on level 4 of the Dungeon.
             The game lasted 00:11:12 (4350 turns).

Leibowitz the Cutter (Kobold Gladiator)             Turns: 4350, Time: 00:11:13

Health: -2/61      AC: 23    Str: 13 (15) XL:     7   Next: 14%
Magic:  7/7        EV:  3    Int:  8 (9)  God:    Okawaru [......]
Gold:   206        SH:  0    Dex: 15 (17) Spells: 6/6 levels left

rFire   . . .        a - +0 rapier
rCold   . . .        (no shield)
rNeg    . . .        b - melded +0 leather armour
rPois   +            c - melded +0 helmet
rElec   .            v - melded +2 cloak of the Lute {Drain rF+++ Dex+4}
rCorr   .            (gloves currently unavailable)
SInv    .            (boots currently unavailable)
Will    .....        (no amulet)
Stlth   ++++         u - ring of poison resistance
HPRegen 0.30/turn    (no ring)
MPRegen 0.10/turn

%: no passive effects
@: brilliant, lethally poisoned (-2 -> -16), tree-form, attractive
A: stationary, stasis, torment immunity, boosted hp, small, no large weapons,
nightstalker 3, strong 1, wild magic 1
a: Renounce Religion


You were on level 4 of the Dungeon.
You worshipped Okawaru.
Okawaru was noncommittal.
You were a tree.
You visited 2 branches of the dungeon, and saw 5 of its levels.

You collected 206 gold pieces.

Inventory:

Hand Weapons
 a - a +0 rapier (weapon)
Missiles
 d - 3 throwing nets (quivered)
Armour
 b - a +0 leather armour (melded)
 c - a +0 helmet (melded)
 v - the +2 cloak of the Lute (melded) {Drain rF+++ Dex+4}
   (You found it on level 3 of the Dungeon)

   Dex:       It affects your dexterity (+4).
   rF:        It renders you almost immune to fire.
   Drain:     It drains your maximum health when unequipped.
Jewellery
 u - a ring of poison resistance (left branch)
Wands
 q - a wand of flame (19)
 y - a wand of quicksilver (8)
Scrolls
 f - a scroll of blinking {unknown}
 g - 2 scrolls of torment {unknown}
 l - a scroll of enchant armour {unknown}
 o - a scroll of silence {unknown}
 r - a scroll of teleportation {unknown}
 t - 2 scrolls of identify {unknown}
Potions
 h - a potion of mutation
 i - a potion of degeneration
 n - a potion of flight {unknown}
 p - 3 potions of attraction
 s - 2 potions of curing {unknown}
 w - a potion of resistance {unknown}
 x - a potion of magic {unknown}


   Skills:
 * Level 3.5 Fighting
 * Level 6.2 Short Blades
 - Level 2.1 Throwing
 + Level 1.3 Armour
 * Level 4.7 Dodging
 * Level 5.5 Stealth


You had 6 spell levels left.
You didn't know any spells.
Your spell library contained the following spells:

 Spells                   Type           Power      Damage    Failure   Level
 Anguish                  Hex/Necr       0%         N/A       99%         4
 Cause Fear               Hex            0%         N/A       99%         4
 Enfeeble                 Hex            0%         N/A       100%        7
 Orb of Destruction       Conj           0%         9d5       100%        7
 Summon Guardian Golem    Hex/Summ       Unusable   N/A       N/A         3
 Spellforged Servitor     Conj/Summ      Unusable   N/A       N/A         7

Dungeon Overview and Level Annotations

Branches:
Dungeon (4/15)             Temple (1/1) D:4

Altars:
Cheibriados
Dithmenos
Gozag
Hepliaklqana
Makhleb
Nemelex Xobeh
Okawaru
Qazlal
Sif Muna
Trog
Uskayaw
Xom
Yredelemnul
The Shining One


Innate Abilities, Weirdness & Mutations

You are a tree.
Your roots penetrate the ground, keeping you stationary.
You cannot be teleported.
You are immune to unholy pain and torment.
Your maximum health is greatly increased.
Your equipment is partially melded.
You are small and have problems with some larger weapons.
You are completely attuned to the shadows.
Your muscles are strong. (Str +4, Int/Dex -1)
Your spells are a little harder to cast, but a little more powerful.


Message History

You hear some strange, mumbled words.
A magic dart appears from out of thin air!
The magic dart hits you but does no damage.
You cannot move. (Use ctrl+direction or * direction to attack while stationary and confused.)
You cannot move. (Use ctrl+direction or * direction to attack while stationary and confused.)
You cannot move. (Use ctrl+direction or * direction to attack while stationary and confused.)
You cannot move. (Use ctrl+direction or * direction to attack while stationary and confused.)
You cannot move. (Use ctrl+direction or * direction to attack while stationary and confused.)
You barely miss something.
You feel sick.
You are no longer poisoned.
Something hits you but does no damage.
You are poisoned.
You barely miss something.
You feel sick. Something hits you but does no damage.
You are more poisoned.
You swing at nothing.
* * * LOW HITPOINT WARNING * * *
You feel very sick. Something hits you but does no damage.
You swing at nothing.
* * * LOW HITPOINT WARNING * * *
You feel sick.
You swing at nothing.
You feel less confused.
* * * LOW HITPOINT WARNING * * *
You feel sick.
An orc wizard appears from thin air!
Reactivating autopickup.
The orc wizard mumbles some strange words.
The orc wizard flickers and vanishes!
Deactivating autopickup; reactivate with Ctrl-A.
You miss something.
* * * LOW HITPOINT WARNING * * *
You feel sick. Something hits you.
* * * LOW HITPOINT WARNING * * *
You are more poisoned.
You closely miss something.
* * * LOW HITPOINT WARNING * * *
You feel very sick. Something hits you.
You die...

#.#.........#
#≈≈
#.........÷.#
#≈≈
#...........#
###
##########..#
#...#. ##.#
#.⌠.. #..# .
#... ##.# #.
##.#######.#
...#{♣.#...##.#
.⌠...))..>....#
...#...#...####
## ##)######
#... ...⌠..
.#..


There were no monsters in sight!

Vanquished Creatures
  A centaur (D:4)
  A jelly (D:4)
  An iron imp (D:4)
  Natasha (twice) (D:4)
  An orc wizard (D:4)
  Ijyb (D:3)
  4 gnolls (D:3)
  2 adders
  2 worms
  7 dart slugs
  6 orcs
  9 ball pythons
  9 endoplasms
  3 giant cockroaches
  8 hobgoblins
  4 jackals (D:2)
  6 quokkas
  5 bats
  4 frilled lizards
  6 goblins
  9 kobolds
  5 rats
96 creatures vanquished.

Vanquished Creatures (others)
  An orc wizard (D:4)
1 creature vanquished.

Grand Total: 97 creatures vanquished

Notes
Turn   | Place    | Note
-------+----------+-------------------------------------------
     0 | D:1      | Leibowitz the Kobold Gladiator began the quest for the Orb.
     0 | D:1      | Reached XP level 1. HP: 12/12 MP: 1/1
   181 | D:1      | Reached XP level 2. HP: 16/18 MP: 2/2
   305 | D:1      | Reached skill level 1 in Stealth
   360 | D:1      | Reached XP level 3. HP: 22/22 MP: 3/3
  1000 | D:2      | Reached XP level 4. HP: 10/27 MP: 4/4
  2103 | D:3      | Identified the +2 cloak of the Lute {Drain rF+++ Dex+4}
  2348 | D:3      | Found an opulent altar of Gozag.
  2425 | D:3      | Reached skill level 5 in Short Blades
  2426 | D:3      | Reached XP level 5. HP: 32/32 MP: 5/5
  2950 | D:3      | Noticed Ijyb
  3035 | D:3      | Killed Ijyb
  3545 | D:4      | Reached skill level 1 in Armour
  3545 | D:4      | Reached XP level 6. HP: 37/37 MP: 6/6
  3608 | D:4      | Noticed Natasha
  3612 | D:4      | Killed Natasha
  3760 | D:4      | Found a snail-covered altar of Cheibriados.
  3775 | D:4      | Reached skill level 5 in Stealth
  3784 | D:4      | Noticed Natasha
  3792 | D:4      | Killed Natasha
  3967 | D:4      | Found a hide-covered altar of Uskayaw.
  4011 | D:4      | Found a staircase to the Ecumenical Temple.
  4018 | Temple   | Entered the Ecumenical Temple
  4198 | Temple   | Became a worshipper of Warmaster Okawaru
  4298 | D:4      | Reached skill level 6 in Short Blades
  4298 | D:4      | Reached XP level 7. HP: 34/41 MP: 7/7
  4322 | D:4      | Gained mutation: Your spells are a little harder to cast,
                  | but a little more powerful. [potion of mutation]
  4322 | D:4      | Gained mutation: Your muscles are strong. (Str +4, Int/Dex
                  | -1) [potion of mutation]
  4350 | D:4      | HP: 1/61 [poisoned by an orc wizard]
  4350 | D:4      | Slain by an orc wizard

Illustrated notes

Levels and vault maps discovered:
D:1:      roderic_octagonal_star, layout_loops_ring, hangedman_decor_opposing,
          minmay_surrounded
D:2:      layout_loops_cross, serial_glass, glass_columns_a, glass_columns_b
D:3:      layout_basic, mainiacjoe_overflow_surrounded_room, uniq_ijyb
D:4:      layout_basic, chei_slow_surprise, nicolae_uskayaw_suspiria,
          minmay_temple_entry_nine_rooms, uniq_natasha
Temple:   minmay_temple_curvy_loop

Skill      XL: |  1  2  3  4  5  6 |
---------------+-------------------+-----
Dodging        | 4 |  4.7
Stealth        | 1 2 3 4 5 |  5.5
Short Blades   | 5 6 |  6.2
Fighting       | 3 |  3.5
Armour         | 1 |  1.3
Throwing       | |  2.1

Action                     |  1- 3 |  4- 6 |  7- 9 || total
---------------------------+-------+-------+-------++-------
  Melee: Rapier            |    92 |   176 |    34 ||   302
         Punch             |       |     2 |     1 ||     3
    Use: Potion            |       |       |     7 ||     7
   Stab: Sleeping          |    13 |    21 |       ||    34
         Distracted        |       |     2 |       ||     2
 Armour: Leather armour    |     9 |    31 |    11 ||    51
         Skin              |       |       |     4 ||     4
  Dodge: Dodged            |    71 |   157 |    16 ||   244
